 Dungeon Crawl Stone Soup version 0.32-a0-351-gc6a9d31 (webtiles) character file.

Game seed: 9754722549072783695

10880 Deva the Thaumaturge (level 11, 0/64 HPs)
             Began as a Deep Elf Conjurer on Feb 16, 2024.
             Was a Believer of Vehumet.
             Slain by a troll (8 damage)
             ... on level 11 of the Dungeon on Feb 17, 2024.
             The game lasted 01:02:47 (13084 turns).

Deva the Thaumaturge (Deep Elf Conjurer)           Turns: 13084, Time: 01:02:48

Health: 0/64       AC:  3    Str:  4    XL:     11   Next: 42%
Magic:  30/38      EV: 12    Int: 37    God:    Vehumet [**....]
Gold:   252        SH:  0    Dex: 13    Spells: 17/34 levels left

rFire   . . .        I - +1 mace of the Dead {drain, Int+3}
rCold   . . .        (no shield)
rNeg    . . .        A - +0 robe {Will+}
rPois   .            (no helmet)
rElec   .            (no cloak)
rCorr   .            (no gloves)
SInv    .            y - +0 pair of boots
Will    ++...        (no amulet)
Stlth   +++          a - ring of magical power
HPRegen 0.30/turn    H - +6 ring of intelligence
MPRegen 0.26/turn

%: no passive effects
@: no status effects
A: no striking features
a: Renounce Religion


You were on level 11 of the Dungeon.
You worshipped Vehumet.
Vehumet was pleased with you.
You visited 2 branches of the dungeon, and saw 13 of its levels.

You collected 895 gold pieces.
You spent 643 gold pieces at shops.

Inventory:

Hand Weapons
 I - the +1 mace of the Dead (weapon) {drain, Int+3}
   (You found it on level 7 of the Dungeon)

   Int+3:     It affects your intelligence (+3).
Armour
 y - a +0 pair of boots (worn)
 A - a +0 robe of willpower (worn)
Jewellery
 a - a ring of magical power (left hand)
 i - a ring of ice
 k - a ring of positive energy
 p - a ring of protection from cold
 u - a ring of resist corrosion
 C - a ring of see invisible
 H - a +6 ring of intelligence (right hand)
 J - an amulet of faith
Wands
 j - a wand of mindburst (15)
 s - a wand of flame (43)
 z - a wand of paralysis (14)
 B - a wand of iceblast (1)
Scrolls
 e - a scroll of enchant armour {unknown}
 f - a scroll of enchant weapon {unknown}
 g - 2 scrolls of amnesia
 l - a scroll of immolation
 n - a scroll of butterflies {unknown}
 o - 5 scrolls of revelation
 q - 8 scrolls of teleportation
 t - 3 scrolls of poison {unknown}
 x - 3 scrolls of blinking
 D - 2 scrolls of fear {unknown}
 G - 2 scrolls of fog {unknown}
 N - a scroll of noise {unknown}
Potions
 b - a potion of magic
 c - a potion of degeneration {unknown}
 d - 6 potions of curing
 h - 3 potions of ambrosia
 m - 4 potions of invisibility
 r - 2 potions of enlightenment
 v - 3 potions of lignification
 w - a potion of mutation {unknown}
 E - 3 potions of heal wounds
 F - 2 potions of attraction
 K - a potion of cancellation {unknown}
 L - 2 potions of brilliance


   Skills:
 + Level 6.2 Fighting
 - Level 2.4 Dodging
 + Level 5.6 Stealth
 - Level 12.0 Spellcasting
 - Level 12.0 Conjurations
 - Level 8.0 Fire Magic
 - Level 5.0 Evocations


You had 17 spell levels left.
You knew the following spells:

 Your Spells              Type           Power      Damage    Failure   Level
a - Magic Dart            Conj           100%       1d8       0%          1
b - Apportation           Tloc           44%        N/A       1%          1
c - Fulminant Prism       Conj/Alch      30%        3d15      1%          4
d - Fireball              Conj/Fire      38%        3d16      1%          5
s - Searing Ray           Conj           100%       2d8       1%          2
x - Iskenderun's Mystic   Conj/Tloc      61%        2d13      1%          4

Your spell library contained the following spells:

 Spells                   Type           Power      Damage    Failure   Level
 Momentum Strike          Conj/Tloc      100%       3d10      1%          2
 Foxfire                  Conj/Fire      100%       2x1d9     1%          1
 Necrotise                Necr           88%        1d8       1%          1
 Slow                     Hex            88%        N/A       1%          1
 Sting                    Conj/Alch      100%       1d9       1%          1
 Summon Small Mammal      Summ           88%        N/A       1%          1
 Dazzling Flash           Conj/Hex       100%       N/A       1%          3
 Volatile Blastmotes      Fire/Tloc      100%       2d18      1%          3
 Ensorcelled Hibernation  Hex/Ice        44%        N/A       2%          2
 Jinxbite                 Hex            44%        N/A       2%          2
 Starburst                Conj/Fire      38%        6d11      4%          6
 Call Canine Familiar     Summ           22%        N/A       5%          3
 Confusing Touch          Hex            22%        N/A       5%          3
 Fugue of the Fallen      Necr           22%        N/A       5%          3
 Sigil of Binding         Hex            22%        N/A       5%          3
 Vampiric Draining        Necr           22%        2d7       5%          3
 Anguish                  Hex/Necr       11%        N/A       17%         4
 Cause Fear               Hex            11%        N/A       17%         4
 Dimensional Bullseye     Hex/Tloc       11%        N/A       17%         4
 Manifold Assault         Tloc           22%        N/A       17%         4
 Alistair's Intoxication  Alch           14%        N/A       43%         5
 Plasma Beam              Fire/Air       25%        2x1d38    45%         6
 Dispersal                Tloc           11%        N/A       95%         6
 Disjunction              Tloc           11%        N/A       100%        8
 Maxwell's Capacitive Co  Air            11%        ∞         100%        8
 Dragon's Call            Summ           11%        N/A       100%        9


Dungeon Overview and Level Annotations

Branches:
Dungeon (12/15)            Temple (1/1) D:7            Lair (0/5) D:8
    Orc (0/2) D:10

Altars:
Ashenzari
Cheibriados
Dithmenos
Elyvilon
Fedhas
Gozag
Hepliaklqana
Kikubaaqudgha
Makhleb
Nemelex Xobeh
Okawaru
Qazlal
Ru
Sif Muna
Trog
Uskayaw
Vehumet
Wu Jian
Xom
Yredelemnul
Zin
The Shining One

Shops:
D:1 [?   D:7 =   D:9 (   D:11 ?   D:12 *

Annotations:
D:3 1 runed translucent door, Crazy Yiuf
D:9 1 runed translucent door
D:11 exclusion: ugly thing, Josephine
D:12 exclusion: boulder beetle


Message History

You erupt in a blast of force!
The mystic blast hits the troll.
The troll is almost dead.
The troll is knocked back by the mystic blast.
The orc wizard gestures wildly while chanting.
The orc wizard flickers and vanishes!
Deactivating autopickup; reactivate with Ctrl-A.
Casting: Iskenderun's Mystic Blast (dangerous; 1% risk of failure)
Confirm with . or Enter, or press ? or * to list all spells.
Okay, then.
You climb upwards.
Level annotation: exclusion: ugly thing, Josephine Reactivating autopickup.
There is a stone staircase leading down here.
You start resting.
Magic restored.
You climb downwards.
Level annotation: exclusion: boulder beetle The troll barely misses you. x2; The troll closely misses you.
The troll barely misses you. The troll claws you. The troll claws you!
There is a stone staircase leading up, spattered with blood here.
The troll bites you!! The troll closely misses you. x2
You climb upwards.
Level annotation: exclusion: ugly thing, Josephine
There is a stone staircase leading down here.
Casting: Iskenderun's Mystic Blast (dangerous; 1% risk of failure)
Confirm with . or Enter, or press ? or * to list all spells.
You erupt in a blast of force!
The mystic blast hits the troll!
The troll is moderately wounded.
The troll completely misses you. The troll claws you but does no damage.
The troll claws you!
Casting: Iskenderun's Mystic Blast (dangerous; 1% risk of failure)
Confirm with . or Enter, or press ? or * to list all spells.
You erupt in a blast of force!
The mystic blast hits the troll!
The troll is severely wounded.
The troll bites you!
* * * LOW HITPOINT WARNING * * *
The troll claws you.
* * * LOW HITPOINT WARNING * * *
The troll claws you!
You die...

#....# #.# ##'#### #.## #....#
#..# #....# ##'### #....#######
#....# ######
#....'.....###....##########.....
'....#####..##....'..........####
#....# ##..'....############
#....# ####..@..# #....# ###T.♣.#
###### #..♣.∩.♣ ###'###♣####
#..........# #..........#
#..........# #..........#
#...<......#


You could see a troll.

Vanquished Creatures
  4 two-headed ogres
  A cyclops (D:11)
  2 trolls (D:10)
  Grinder (D:3)
  A hornet (D:9)
  A wraith (D:8)
  A shadow (D:10)
  5 yaks (D:8)
  2 wyverns
  A vampire (D:6)
  4 vampire mosquitoes
  3 steam dragons
  2 basilisks (D:8)
  2 acid dragons
  A black bear (D:6)
  2 orc warriors
  2 ice beasts
  A sky beast (D:7)
  2 ogres
  3 centaurs
  2 phantoms
  2 kobold brigands
  Blork the orc (D:5)
  3 bullfrogs
  3 gnoll sergeants
  2 scorpions
  11 wights
  9 killer bees
  4 howler monkeys
  A lava snake (D:7)
  4 hounds
  5 bombardier beetles
  A jelly (D:6)
  4 orc priests
  A sleepcap (D:8)
  3 gnoll boudas
  Jessica (D:2)
  Natasha (thrice) (D:3)
  9 orc wizards
  7 iguanas
  22 gnolls
  3 adders
  3 shadow imps (D:5)
  3 white imps (D:6)
  2 ufetubi (D:6)
  3 dart slugs
  A ribbon worm (D:3)
  23 orcs
  3 endoplasms
  A giant cockroach (D:1)
  5 goblins
  6 hobgoblins
  2 jackals (D:2)
  10 kobolds
  5 ball pythons
  4 bats
  6 rats
219 creatures vanquished.

Notes
Turn   | Place    | Note
-------+----------+-------------------------------------------
     0 | D:1      | Deva the Deep Elf Conjurer began the quest for the Orb.
     0 | D:1      | Reached XP level 1. HP: 10/10 MP: 6/6
   291 | D:1      | Reached XP level 2. HP: 15/15 MP: 3/8
   543 | D:1      | Found Murayll's Armour Boutique.
   561 | D:1      | Learned a level 2 spell: Searing Ray
   809 | D:1      | Found Epopiqe's Magic Scroll Emporium.
   812 | D:1      | Bought a scroll of identify for 22 gold pieces
   984 | D:2      | Noticed Jessica
   987 | D:2      | Killed Jessica
   988 | D:2      | Reached skill level 5 in Conjurations
   988 | D:2      | Reached XP level 3. HP: 19/19 MP: 4/10
  1914 | D:3      | Reached XP level 4. HP: 24/24 MP: 7/12
  1972 | D:3      | Noticed Natasha
  1979 | D:3      | Killed Natasha
  2037 | D:3      | Noticed Natasha
  2041 | D:3      | Killed Natasha
  2159 | D:3      | Found a runed translucent door.
  2160 | D:3      | Noticed Crazy Yiuf
  2340 | D:3      | Reached skill level 5 in Spellcasting
  2461 | D:3      | Reached XP level 5. HP: 28/28 MP: 11/14
  2567 | D:3      | Noticed Grinder
  2575 | D:3      | Paralysed by Grinder for 3 turns
  2581 | D:3      | Killed Grinder
  2582 | D:3      | Reached XP level 6. HP: 22/32 MP: 3/17
  2691 | D:3      | Found an iron altar of Okawaru.
  2753 | D:3      | Noticed Natasha
  2760 | D:3      | Killed Natasha
  3132 | D:4      | Learned a level 4 spell: Iskenderun's Mystic Blast
  3171 | D:4      | Found a burning altar of Makhleb.
  3184 | D:4      | Found a shimmering blue altar of Sif Muna.
  3357 | D:4      | Reached XP level 7. HP: 36/36 MP: 15/20
  3561 | D:4      | Found a sparkling altar of Nemelex Xobeh.
  4071 | D:5      | Entered Level 5 of the Dungeon
  4236 | D:5      | Found a snail-covered altar of Cheibriados.
  4603 | D:5      | Noticed Blork the orc
  4610 | D:5      | Killed Blork the orc
  4847 | D:5      | Learned a level 5 spell: Fireball
  5410 | D:6      | Reached XP level 8. HP: 41/41 MP: 23/23
  5606 | D:6      | Reached skill level 10 in Spellcasting
  5606 | D:6      | Reached skill level 5 in Fire Magic
  6099 | D:6      | Reached skill level 5 in Stealth
  6099 | D:6      | Reached skill level 1 in Fighting
  6390 | D:6      | Reached XP level 9. HP: 49/49 MP: 25/25
  6806 | D:7      | Reached skill level 5 in Fighting
  7165 | D:7      | Found a glowing silver altar of Zin.
  7527 | D:7      | Found a staircase to the Ecumenical Temple.
  7533 | Temple   | Entered the Ecumenical Temple
  7539 | Temple   | Became a worshipper of Vehumet
  7603 | D:7      | Found Otomnou's Jewellery Boutique.
  7606 | D:7      | Bought a +6 ring of intelligence for 432 gold pieces
  7646 | D:7      | Identified the +1 mace of the Dead {drain, Int+3}
  8587 | D:8      | Reached XP level 10. HP: 56/60 MP: 20/26
  8757 | D:8      | Found a staircase to the Lair.
  8984 | D:8      | Reached skill level 10 in Conjurations
  9022 | D:8      | Learned a level 1 spell: Apportation
  9295 | D:8      | Reached skill level 1 in Evocations
  9631 | D:9      | Reached * piety under Vehumet
  9631 | D:9      | Offered knowledge of Kiss of Death by Vehumet.
  9971 | D:9      | Noticed a two-headed ogre
  9977 | D:9      | Killed a two-headed ogre
  9978 | D:9      | Reached skill level 5 in Evocations
 10273 | D:9      | Found Ukhlytz's Antique Weapon Boutique.
 10373 | D:9      | Found a runed translucent door.
 10475 | D:9      | Noticed a white ugly thing
 10527 | D:9      | Noticed a centaur warrior
 10528 | D:9      | Noticed a boulder beetle
 10574 | D:9      | Noticed a two-headed ogre
 10577 | D:9      | Killed a two-headed ogre
 11122 | D:10     | Entered Level 10 of the Dungeon
 11245 | D:10     | Reached XP level 11. HP: 57/64 MP: 22/29
 11421 | D:10     | Found an ornate altar of the Wu Jian Council.
 11485 | D:10     | Offered knowledge of Momentum Strike by Vehumet.
 11634 | D:10     | Reached ** piety under Vehumet
 11845 | D:10     | Noticed a two-headed ogre
 11846 | D:10     | Found a staircase to the Orcish Mines.
 11852 | D:10     | Killed a two-headed ogre
 11980 | D:10     | Found a broken altar of Ashenzari.
 11980 | D:10     | Found a shimmering altar of Xom.
 11987 | D:10     | Found a sacrificial altar of Ru.
 11989 | D:10     | Found a white marble altar of Elyvilon.
 11991 | D:10     | Found an opulent altar of Gozag.
 12149 | D:10     | Upgraded the game from 0.32-a0-330-g213d367 to
                  | 0.32-a0-351-gc6a9d31
 12464 | D:11     | Noticed a red ugly thing
 12507 | D:11     | Noticed Josephine
 12652 | D:11     | Found Bilackon's Magic Scroll Emporium.
 12655 | D:11     | Bought a scroll of identify for 28 gold pieces
 12655 | D:11     | Bought a scroll of blinking for 105 gold pieces
 12880 | D:12     | Noticed a boulder beetle
 12888 | D:11     | Learned a level 4 spell: Fulminant Prism
 12921 | D:11     | Bought a scroll of amnesia for 56 gold pieces
 12924 | D:12     | Found Udgheteu's General Store.
 12936 | D:12     | Noticed a two-headed ogre
 12941 | D:12     | Killed a two-headed ogre
 13080 | D:12     | Noticed a boulder beetle
 13084 | D:11     | Slain by a troll

Illustrated notes

Levels and vault maps discovered:
D:1:      matt_arrival_spirals, layout_basic, serial_shops,
          nicolae_shop_rolled_up, shop
D:2:      layout_basic, serial_curves, eino_curves_04, eino_curves_02,
          minmay_octomino_e4, uniq_jessica
D:3:      layout_loops_ring, okawaru_gym_becter, uniq_natasha,
          uniq_crazy_yiuf_cottage, uniq_grinder
D:4:      layout_basic, nicolae_overflow_crystal_walls,
          nicolae_overflow_hidden_temple, lemuel_doored_altar,
          dk_rats_in_the_wall
D:5:      layout_basic, cheibriados_altar_1, corner_web_ring, uniq_blork_the_orc
D:6:      layout_rooms, minmay_joined_circles
D:7:      layout_basic, zin_academy, minmay_temple_entry_butterflies,
          minivault_19, minmay_shop_enchanted_jewellery,
          kennysheep_cross_bottleneck, kennysheep_diamond, minmay_microvault
D:8:      layout_basic, david_lair_generic, palyth_stone_intersect
D:9:      layout_stronghold, serial_shops, nicolae_shop_real_fake_doors,
          wad_hexagon
D:10:     layout_roguey, kennysheep_mini_moat,
          chequers_temple_overflow_minitemple, orc_0_dummy,
          minmay_misc_feat_tiny
D:11:     layout_roguey, serial_shops, nicolae_shop_trees, serial_corexii_hall,
          chequers_hall_statues_y, corexii_hall_statues_x, uniq_josephine
D:12:     minmay_the_grid_octo_triangle [minmay_the_grid_octo_checkerflower,
          minmay_the_grid_octo_prize_square_snowflake,
          minmay_the_grid_octo_thin_diamonds], layout_rooms, serial_shops, shop
Temple:   hellmonk_temple_rainy

Skill      XL: |  1  2  3  4  5  6  7  8  9 10 11 |
---------------+----------------------------------+-----
Spellcasting   | 4 5 6 7 9 10 12 | 12.0
Conjurations   | 5 6 8 9 11 12 | 12.0
Fire Magic     | 2 3 4 5 6 8 |  8.0
Stealth        | 5 |  5.6
Fighting       | 2 6 |  6.2
Evocations     | 5 |  5.0
Dodging        | |  2.4

Action                     |  1- 3 |  4- 6 |  7- 9 | 10-12 || total
---------------------------+-------+-------+-------+-------++-------
  Melee: Falchion          |     2 |       |     4 |       ||     6
         Mace              |       |       |       |     1 ||     1
   Cast: Magic Dart        |    35 |    66 |   171 |    78 ||   350
         Searing Ray       |     1 |     6 |    26 |     5 ||    38
         Iskenderun's Myst |       |       |    14 |    18 ||    32
         Fireball          |       |       |    28 |    67 ||    95
  Evoke: Wand              |       |       |     4 |       ||     4
    Use: Scroll            |     1 |     1 |     3 |     7 ||    12
         Potion            |       |     1 |       |       ||     1
 Armour: Robe              |       |    13 |    43 |    19 ||    75
  Dodge: Dodged            |     2 |     2 |    40 |    20 ||    64

Table legend: (Time is in decaauts)
 A = Elapsed time spent in this place.
 B = Non-inter-level travel time spent in this place.
 C = Inter-level travel time spent in this place.
 D = Time resting spent in this place.
 E = Time spent auto-exploring this place.
 F = Levels seen in this place.
 G = Mean time per level.
                   A        B        C        D        E       F      G
               +--------+--------+--------+--------+--------+-----+--------+
         Total |  13082 |  12589 |    493 |   2920 |   8293 |  13 | 1006.3 |
       Dungeon |  13069 |  12586 |    483 |   2920 |   8293 |  12 | 1089.1 |
        Temple |     12 |      2 |     10 |      0 |      0 |   1 |   12.0 |
               +--------+--------+--------+--------+--------+-----+--------+

Top non-repeatable levels by time:
     D:8: 1645 daAuts
     D:9: 1513 daAuts
     D:7: 1374 daAuts
     D:5: 1347 daAuts
     D:6: 1157 daAuts
     D:3: 1157 daAuts
    D:10: 1064 daAuts
     D:2: 1057 daAuts
     D:4: 1003 daAuts
    D:11: 865 daAuts
     D:1: 850 daAuts
    D:12: 33 daAuts
  Temple: 12 daAuts
